woodfighter, chaotic female human Barbarian ; H WW W W | e d s W W@W ...| ; ; ...|c ...| I.x| .I@| f A .@Y| D SS @ s ; ; m l ; C ; H ; ; woodfighter the Brigand Experience level: 11 Strength: 18/08 Dexterity: 12 Constitution: 19 Intelligence: 7 Wisdom: 11 Charisma: 5 Health: 0(126) Energy: 44(44) Def: 16 Gold: 0 Moves: 20918 Dungeon seed: 90W-hffwuYbc4vdn Game ID: woodfighter_1445010269 Your Inventory: Amulets E - a cursed amulet of reflection (being worn) Weapons a - the rustproof +0 Cleaver (weapon in hands) g - 10 +0 daggers (in quiver) Armor m - an uncursed +1 dwarvish iron helm (being worn) n - an uncursed +0 pair of leather gloves (being worn) t - an uncursed +0 dwarvish mithril-coat (being worn) C - a blessed +4 pair of iron shoes (being worn) Comestibles d - 5 uncursed food rations k - 2 uncursed tripe rations o - 4 uncursed pizzas O - 2 uncursed lizard corpses Wands b - a wand of digging (0:6) r - a wand of speed monster (0:5) D - a wand of magic missile (0:7) F - a wand of striking (0:3) G - a wand of teleportation (0:4) L - a wand of fire (0:2) W - a wand of light (0:14) Tools f - a -3 unicorn horn h - a +0 pick-axe i - an uncursed pair of lenses j - an uncursed skeleton key s - an uncursed sack x - an uncursed blindfold (being worn) T - an uncursed magic whistle U - an uncursed stethoscope Gems q - 4 uncursed worthless pieces of green glass y - 2 uncursed jade stones z - an uncursed worthless piece of yellowish brown glass N - an uncursed garnet stone R - an uncursed luckstone Contents of the sack: 3807 gold pieces a blessed amulet versus poison an uncursed amulet versus poison a +0 silver saber 2 uncursed cloves of garlic an uncursed scroll of create monster 2 cursed scrolls of create monster an uncursed scroll of destroy armor a blessed scroll of enchant armor an uncursed scroll of food detection a blessed scroll of identify an uncursed scroll of identify an uncursed scroll of magic mapping an uncursed scroll of remove curse an uncursed scroll of scare monster a blessed scroll of teleportation 2 uncursed scrolls of teleportation an uncursed spellbook of create monster an uncursed spellbook of wizard lock an uncursed potion of acid an uncursed potion of blindness a blessed potion of extra healing an uncursed potion of extra healing a blessed potion of object detection an uncursed potion of object detection a blessed potion of sickness 2 uncursed potions of sickness an uncursed potion of speed an uncursed potion of water an uncursed ring of poison resistance an uncursed ring of poison resistance an uncursed ring of poison resistance an uncursed ring of poison resistance an uncursed ring of poison resistance a cursed ring of poison resistance an uncursed agate stone 2 uncursed emeralds an uncursed worthless piece of black glass an uncursed worthless piece of blue glass an uncursed worthless piece of orange glass Spells and supernatural/magical abilities: Name Level Category Fail Memory W - pray for help -- divine ? -- Your skills at the end: Miscellaneous Skills bare handed combat [Basic] Weapon Skills axe [Master] short sword [Basic] Spellcasting Skills Final Attributes: You were piously aligned. You were cold resistant. You were sleep resistant. You were poison resistant. You had wounded legs. You were telepathic. You were invisible. You were fast. You had reflection. You were very lucky. You had extra luck. Bad luck did not time out for you. Good luck did not time out for you. You are dead. Vanquished creatures: 2 green dragons an Olog-hai a titanothere 6 baby green dragons a guardian naga a lich a water troll 2 nurses an Aleax 2 vampires a ghost an ettin a mind flayer 3 giant mimics a rock troll an umber hulk a baby long worm 2 long worms a fire elemental a giant mummy 2 black nagas a warg 2 winter wolves 4 small mimics an island nymph a xan 3 ettin mummies a quantum mechanic 2 trolls a wood golem an electric eel a pyrolisk a large dog a freezing sphere 2 shocking spheres 3 gargoyles 2 dwarf kings a tengu 3 ochre jellies 2 chameleons a crocodile 5 leocrottas a giant a pit viper 2 cobras a wraith a leather golem a Grey-elf a soldier a giant beetle 3 cockatrices 2 wolves 5 winter wolf cubs 2 lynxes 2 panthers 4 lizards 3 mountain nymphs a mumak 4 giant spiders 2 scorpions 4 iron piercers 3 horses 2 black lights 4 vampire bats a forest centaur 9 gnome kings 2 orc mummies 6 brown puddings a rust monster an owlbear a yeti 4 gold golems 2 piranhas 6 giant eels 5 dingos 3 dwarf lords 2 blue jellies 2 water nymphs a white unicorn a gray unicorn 4 dust vortices 3 ravens 2 plains centaurs a gnome mummy 4 snakes 7 apes 3 human zombies a rope golem a Woodland-elf 7 soldier ants 21 fire ants 18 bugbears 4 wood nymphs 2 Uruk-hai 4 rock moles 2 rock piercers 8 ponies 2 fog clouds 3 yellow lights a shrieker 2 violet fungi 25 gnome lords 12 gnomish wizards a kobold mummy 3 black naga hatchlings a guardian naga hatchling a barrow wight 7 elf zombies 3 straw golems 2 paper golems 12 giant ants 2 little dogs 6 floating eyes a kitten 23 dwarves 2 kobold lords a kobold shaman 4 iguanas 10 hill orcs 17 rothes a centipede 2 giant bats 11 monkeys 6 orc zombies a dwarf zombie 3 wererats 6 werejackals 10 killer bees 2 coyotes 9 hobbits an acid blob 7 large kobolds 8 geckos 21 hobgoblins 12 giant rats 4 cave spiders 5 brown molds 3 yellow molds 2 green molds 2 red molds 84 gnomes 2 garter snakes 8 manes 12 jackals 3 foxes 6 kobolds 12 newts 6 goblins 6 sewer rats 9 grid bugs a bat 9 lichens 3 kobold zombies 679 creatures vanquished. Genocided species: gremlins 1 species genocided. Voluntary challenges: You had been an atheist until turn 3284. You used a wielded weapon 911 times, starting on turn 98. You read items or engraved 25 times, starting on turn 4160. You genocided 1 type of monster, starting on turn 9188. You never polymorphed an object. You never changed form. You cheated 2 times but completed Sokoban on turn 13617. You used no wishes. You split 3 puddings, starting on turn 8030. You wrote Elbereth's name 2 times, starting on turn 18981. You violated your moral code, losing 1 point of alignment, starting on turn 12660. Dungeon overview: The Dungeons of Doom: levels 1 to 23 Level 1 a long staircase Level 2 a scroll shop, a fountain stairs to The Gnomish Mines Level 3 Level 4 Level 5 a fountain Level 6 an altar to Set, a fountain Level 7 (vault) Level 8 an altar to Mitra, a fountain Level 9 many fountains Level 10 an altar to Crom stairs to Sokoban Level 11 a sink Level 12 a temple to Mitra, a fountain Level 13 Level 14 a fountain Level 15 a fountain portal to The Quest Level 16 a fountain Level 17 Level 18 (rogue) Level 19 (vault) a sink Level 20 (vault) a fountain Level 21 (vault) a fountain Level 22 a temple to Crom Level 23 <- You were here The Gnomish Mines: levels 3 to 11 Level 3 stairs to The Dungeons of Doom Level 4 Level 5 Level 6 many shops, a temple to Mitra, a magic chest, some fountains, a sink Level 7 Level 8 Level 9 Level 10 Level 11 a magic chest, a fountain The Quest: Level 1 portal to The Dungeons of Doom Sokoban: levels 6 to 9 Level 6 a magic chest Level 7 Level 8 Level 9 a magic chest stairs to The Dungeons of Doom History has recorded: On T:1 you entered the Dungeons of Doom to retrieve the Amulet of Yendor! On T:253 you reached level 2 of The Dungeons of Doom. On T:275 you advanced to experience level 2. On T:406 you reached level 3 of The Dungeons of Doom. On T:420 you reached level 1 of The Gnomish Mines. On T:428 you advanced to experience level 3. On T:688 you advanced to experience level 4. On T:921 you reached level 2 of The Gnomish Mines. On T:1240 you advanced to experience level 5. On T:1374 you reached level 3 of The Gnomish Mines. On T:1451 you advanced to experience level 6. On T:2062 you reached level 4 of The Gnomish Mines. On T:2906 you reached level 5 of The Gnomish Mines. On T:3106 you advanced to experience level 7. On T:3246 you entered the Minetown temple On T:3372 you opened a magic chest. On T:3374 you opened a magic chest. On T:3659 you opened a magic chest. On T:3660 you opened a magic chest. On T:3782 you reached level 6 of The Gnomish Mines. On T:4049 you advanced to experience level 8. On T:4523 you opened a magic chest. On T:4525 you opened a magic chest. On T:4666 you reached level 7 of The Gnomish Mines. On T:4809 you reached level 8 of The Gnomish Mines. On T:4849 you advanced to experience level 9. On T:5144 you reached level 9 of The Gnomish Mines. On T:5144 you reached the bottom of the Mines. On T:6472 you opened a magic chest. On T:6718 you opened a magic chest. On T:6719 you opened a magic chest. On T:6721 you opened a magic chest. On T:6722 you opened a magic chest. On T:6722 you opened a magic chest. On T:6761 you opened a magic chest. On T:7026 you reached level 4 of The Dungeons of Doom. On T:7491 you reached level 5 of The Dungeons of Doom. On T:7892 you reached level 6 of The Dungeons of Doom. On T:8159 you received Cleaver from Set. On T:8343 you advanced to experience level 10. On T:8794 you reached level 7 of The Dungeons of Doom. On T:9236 you reached level 8 of The Dungeons of Doom. On T:9843 you reached level 9 of The Dungeons of Doom. On T:10259 you reached level 10 of The Dungeons of Doom. On T:10769 you reached level 4 of Sokoban. On T:10875 you opened a magic chest. On T:10877 you opened a magic chest. On T:10878 you opened a magic chest. On T:10880 you opened a magic chest. On T:10882 you opened a magic chest. On T:10882 you opened a magic chest. On T:11099 you reached level 3 of Sokoban. On T:12020 you reached level 2 of Sokoban. On T:12558 you reached level 1 of Sokoban. On T:13617 you entered the Sokoban zoo. On T:13838 you opened a magic chest. On T:13838 you opened a magic chest. On T:13839 you opened a magic chest. On T:13844 you opened a magic chest. On T:14008 you opened a magic chest. On T:14008 you opened a magic chest. On T:14203 you reached level 11 of The Dungeons of Doom. On T:14391 you reached level 12 of The Dungeons of Doom. On T:14874 you reached level 13 of The Dungeons of Doom. On T:15127 you reached level 14 of The Dungeons of Doom. On T:15408 you reached level 15 of The Dungeons of Doom. On T:15606 you reached level 1 of The Quest. On T:15793 you reached level 16 of The Dungeons of Doom. On T:16288 you opened a magic chest. On T:16515 you reached level 17 of The Dungeons of Doom. On T:16602 you advanced to experience level 11. On T:17331 you reached level 18 of The Dungeons of Doom. On T:18020 you reached level 19 of The Dungeons of Doom. On T:18258 you advanced to experience level 12. On T:18407 you reached level 20 of The Dungeons of Doom. On T:19993 you reached level 21 of The Dungeons of Doom. On T:20025 you reached level 22 of The Dungeons of Doom. On T:20590 you reached level 23 of The Dungeons of Doom. Score breakdown: Gold: 3807 ( 380 points) Experience: 11 levels ( 1000 points) Exploration: 23 levels ( 660 points) Discoveries: 27 items ( 1350 points) Variety of kills: 153 monsters ( 2000 points) Major goal: Sokoban/Mines ( 1500 points) Survival: died (score multiplied by 3) Total score: 20670 Latest messages: You hear some noises. The cockatrice turns to flee! You finish searching. You put an uncursed twisted ring into the magic chest. You put an uncursed engagement ring into the magic chest. You put a cursed granite ring into the magic chest. You put an uncursed unicorn horn into the magic chest. You put an uncursed yellowish brown gem into the magic chest. Your movements are now unencumbered. You swing your battle-axe named Cleaver in a tremendous arc. You smite the nurse. You smite the owlbear. You smite the xan. You smite something. The xan scratches your right boot! The owlbear misses. The owlbear hits! Something hits! The invisible titan casts a spell! You feel that monsters are aware of your presence. The nurse hits! You die... Final status: Goodbye woodfighter the Barbarian, killed by a nurse... You died in The Dungeons of Doom on dungeon level 23 with 20670 points, and 3807 pieces of gold, after 20918 moves. You were level 11 with a maximum of 126 hit points when you died.